Map: Ephemeron LE

Players

JamesBond

  • Race: Protoss Protoss
  • League: Diamond
  • Spawn Location: 5:00

Light - Winner!

  • Race: Protoss Protoss
  • League: Platinum
  • Spawn Location: 11:00

VOD

Have the link to the VOD?

Description

Time

  • Played on: Nov. 26, 2019, 12:26 a.m.
  • Length: 20:26
Show
View Real Time Build Order
Export as new Build Order

JamesBond Protoss 

Build Orders: Archon Immortal 

Get SALT Encoding   

  12  0:01  Probe  
  13  0:13  Probe  
  14  0:20  Pylon  
  14  0:25  Probe  
  15  0:38  Probe  
  16  0:45  Gateway  
  16  0:51  Probe (Chrono Boost)  
  16  0:54  Assimilator  
  17  1:02  Probe (Chrono Boost)  
  18  1:07  Probe (Chrono Boost)  
  18  1:09  Gateway  
  19  1:14  Pylon  
  19  1:17  Probe  
  20  1:29  Probe  
  21  1:33  Cybernetics Core  
  21  1:39  Pylon  
  21  1:41  Probe  
  22  1:53  Probe  
  23  2:04  Assimilator  
  23  2:05  Probe  
  23  2:07  Stalker (Chrono Boost)  
  23  2:08  Stalker (Chrono Boost)  
  28  2:17  Probe  
  29  2:23  Warp Gate  
  29  2:46  Probe  
  29  2:50  Nexus  
  30  2:53  Shield Battery  
  30  2:54  Shield Battery  
  30  2:57  Shield Battery  
  30  3:01  Stalker  
  32  3:08  Stalker  
  34  3:15  Shield Battery  
  34  3:24  Robotics Facility  
  34  3:26  Probe  
  35  3:34  Stalker  
  37  3:43  Stalker  
  37  3:48  Pylon  
  35  4:13  Stalker  
  37  4:20  Immortal (Chrono Boost)  
  41  4:29  Probe  
  42  4:40  Probe  
  42  4:41  Probe  
  44  4:52  Observer (Chrono Boost), Probe  
  46  4:53  Probe  
  47  5:01  Immortal (Chrono Boost)  
  47  5:03  Pylon  
  47  5:04  Probe (Chrono Boost)  
  47  5:05  Shield Battery  
  47  5:06  Shield Battery  
  49  5:10  Probe (Chrono Boost)  
  53  5:21  Pylon  
  53  5:22  Stalker  
  53  5:23  Stalker  
  53  5:24  Pylon  
  57  5:30  Forge  
  57  5:40  Probe (Chrono Boost)  
  59  5:45  Probe (Chrono Boost)  
  59  5:46  Twilight Council  
  59  5:53  Probe (Chrono Boost)  
  57  6:09  Protoss Ground Weapons Level 1 (Chrono Boost)  
  57  6:16  Probe  
  57  6:17  Probe  
  57  6:18  Immortal (Chrono Boost)  
  59  6:20  Photon Cannon  
  59  6:24  Blink  
  62  6:28  Probe  
  61  6:35  Probe  
  61  6:38  Assimilator  
  62  6:41  Assimilator, Probe  
  62  6:45  Pylon  
  63  6:47  Probe  
  63  6:50  Zealot  
  63  6:53  Probe, Zealot  
  69  6:59  Probe  
  69  7:01  Photon Cannon  
  70  7:02  Nexus  
  70  7:26  Photon Cannon  
  70  7:29  Shield Battery  
  70  7:31  Probe  
  70  7:32  Pylon, Zealot x2  
  75  7:41  Gateway  
  75  7:42  Gateway  
  75  7:45  Templar Archives  
  75  8:04  Stalker x2  
  75  8:05  Probe x2  
  81  8:11  Pylon  
  81  8:14  Probe  
  81  8:15  Pylon  
  81  8:17  Probe  
  81  8:18  Protoss Ground Weapons Level 2 (Chrono Boost)  
  83  8:24  Photon Cannon  
  83  8:26  Probe x2  
  85  8:29  Probe  
  86  8:43  Psionic Storm  
  86  8:44  Photon Cannon  
  86  8:47  Photon Cannon  
  86  8:51  Shield Battery  
  86  8:54  Assimilator  
  86  8:55  Probe  
  87  8:56  Probe  
  87  8:57  Probe  
  87  8:58  Assimilator  
  89  9:08  Probe x2  
  89  9:09  Probe  
  92  9:19  Shield Battery  
  92  9:20  Probe  
  92  9:23  Pylon  
  93  9:24  High Templar  
  93  9:25  High Templar x3  
  93  9:26  Probe x2  
  93  9:30  Archon  
  93  9:31  Archon  
  103  9:32  Probe  
  103  9:38  Immortal  
  108  9:43  Probe x2  
  108  9:44  Probe  
  111  9:55  Probe  
  111  9:57  High Templar x3  
  111  9:58  High Templar  
  120  10:02  Shield Battery x2, Archon x2  
  120  10:03  Probe x2  
  122  10:07  Pylon, Probe  
  123  10:15  Probe  
  123  10:16  Immortal (Chrono Boost), Probe  
  123  10:19  Probe  
  130  10:22  Protoss Ground Weapons Level 3 (Chrono Boost)  
  130  10:27  Probe  
  130  10:28  Probe  
  132  10:30  Gateway  
  132  10:32  Gateway  
  132  10:37  Sentry x2  
  132  10:41  Probe x3  
  135  12:13  Nexus  
  135  12:17  Assimilator  
  135  12:20  Assimilator  
  135  12:22  Pylon  
  135  12:24  Pylon  
  135  12:26  Pylon  
  135  12:28  Pylon  
  135  12:38  Nexus  
  135  12:40  Assimilator, Nexus  
  135  12:42  Probe x2  
  135  12:43  Photon Cannon  
  137  12:45  Assimilator  
  137  12:46  Photon Cannon  
  137  12:47  Photon Cannon  
  137  12:48  Pylon  
  137  12:50  Pylon, Photon Cannon  
  137  12:51  Photon Cannon  
  137  12:52  Pylon  
  137  12:53  Photon Cannon  
  137  12:54  Probe x2  
  137  12:55  Photon Cannon  
  139  13:06  Probe x2  
  141  13:18  Probe x2  
  101  13:40  High Templar x2  
  101  13:41  Immortal (Chrono Boost), High Templar x4  
  93  13:48  Archon x3  
  101  14:12  Immortal (Chrono Boost)  
  100  14:17  Protoss Shields Level 1 (Chrono Boost)  
  100  14:20  Pylon  
  100  14:22  Pylon  
  100  14:23  High Templar x3  
  100  14:24  High Templar x2  
  106  14:26  Photon Cannon  
  106  14:28  Photon Cannon  
  106  14:30  Photon Cannon  
  107  14:33  Photon Cannon  
  107  14:35  Photon Cannon  
  107  14:37  Archon x2  
  107  14:40  Immortal (Chrono Boost), High Templar  
  107  14:41  Probe  
  107  14:42  Probe  
  115  14:49  Archon  
  115  14:53  Probe  
  116  15:04  Pylon  
  104  15:17  Photon Cannon  
  104  15:18  Zealot, Photon Cannon  
  104  15:19  Immortal (Chrono Boost), Zealot x4  
  104  15:20  Zealot  
  119  15:23  Shield Battery  
  119  15:25  Shield Battery  
  118  15:29  Shield Battery  
  118  15:30  Shield Battery  
  118  15:31  Shield Battery  
  111  15:41  Stalker  
  111  15:42  Stalker x5  
  118  15:47  Probe x2  
  122  15:59  Probe x2  
  125  16:11  Probe, Nexus  
  125  16:14  Assimilator  
  125  16:17  Assimilator  
  125  16:19  Pylon  
  125  16:31  High Templar x5  
  125  16:32  High Templar  
  125  16:54  Protoss Shields Level 2 (Chrono Boost), Archon x2  
  125  16:55  Archon  
  125  16:57  Immortal (Chrono Boost)  
  129  17:11  Photon Cannon  
  129  17:13  Photon Cannon  
  129  17:15  Shield Battery  
  129  17:19  Pylon  
  129  17:23  Probe, Photon Cannon  
  129  17:24  Shield Battery  
  129  17:26  High Templar x3  
  129  17:28  High Templar  
  129  17:29  High Templar  
  140  17:32  High Templar  
  140  17:35  Probe  
  140  17:36  Archon  
  143  17:37  Archon  
  143  17:38  Archon  
  143  17:43  Probe  
  144  17:46  Probe  
  144  17:47  Probe  
  144  17:49  Photon Cannon  
  146  17:51  Shield Battery  
  146  17:54  Pylon  
  146  17:55  Probe  
  148  17:58  Probe  
  148  17:59  Probe  
  148  18:05  High Templar x2  
  151  18:06  High Templar x2  
  151  18:07  High Templar, Probe  
  151  18:09  High Templar  
  151  18:10  Probe  
  151  18:11  Probe  
  164  18:19  Archon x2, Probe  
  165  18:20  Archon  
  165  18:23  Dark Shrine  
  76  18:57  High Templar  
  76  18:58  High Templar x4  
  76  19:00  High Templar  
  72  19:03  Archon x2  
  72  19:04  Archon  
  61  19:44  Zealot x2  
  61  19:45  Zealot x4  
  47  20:11  Stalker  
  47  20:12  Stalker x4  
  47  20:13  Stalker  
Show
View Real Time Build Order
Export as new Build Order

Light Protoss - Winner!

Build Orders: Chargelot Immortal 

Get SALT Encoding   

  12  0:00  Probe  
  13  0:13  Probe  
  14  0:19  Pylon  
  14  0:25  Probe  
  15  0:37  Probe (Chrono Boost)  
  15  0:40  Gateway  
  16  0:46  Probe (Chrono Boost)  
  16  0:47  Assimilator  
  17  0:51  Probe (Chrono Boost)  
  18  0:57  Assimilator  
  18  1:04  Probe  
  19  1:11  Gateway  
  19  1:16  Probe  
  20  1:27  Cybernetics Core  
  20  1:28  Probe  
  21  1:41  Pylon, Probe  
  22  1:57  Probe  
  23  2:06  Stalker x2  
  27  2:09  Warp Gate (Chrono Boost), Probe  
  28  2:21  Pylon  
  28  2:29  Probe  
  29  2:32  Pylon  
  28  2:37  Sentry  
  30  2:53  Probe  
  30  2:58  Nexus  
  31  3:09  Probe  
  32  3:13  Pylon  
  32  3:15  Robotics Facility  
  32  3:21  Probe  
  33  3:28  Stalker (Chrono Boost)  
  35  3:37  Probe  
  35  3:38  Gateway  
  36  3:49  Probe  
  37  4:05  Probe  
  38  4:20  Warp Prism (Chrono Boost)  
  40  4:25  Stalker x2  
  40  4:28  Probe  
  45  4:54  Probe  
  45  4:56  Probe  
  47  5:01  Adept x3  
  47  5:06  Probe  
  54  5:08  Probe  
  55  5:15  Immortal, Shield Battery  
  55  5:18  Probe  
  55  5:20  Probe  
  61  5:24  Pylon  
  61  5:30  Probe, Twilight Council  
  62  5:38  Gateway  
  62  5:42  Pylon, Probe  
  61  6:07  Immortal (Chrono Boost)  
  61  6:14  Forge  
  61  6:16  Probe x2  
  61  6:17  Nexus  
  63  6:18  Gateway  
  63  6:32  Probe x2  
  65  6:35  Pylon, Stalker x2, Charge (Chrono Boost)  
  65  6:36  Zealot x2  
  73  6:43  Immortal (Chrono Boost)  
  77  6:50  Probe  
  77  6:53  Probe, Templar Archives  
  79  6:55  Pylon  
  79  7:00  Pylon  
  79  7:04  Probe  
  79  7:05  Probe, Protoss Ground Weapons Level 1  
  81  7:17  Probe x2  
  83  7:23  Shield Battery  
  83  7:29  Probe  
  85  7:30  Probe  
  85  7:32  Photon Cannon  
  85  7:33  Photon Cannon  
  85  7:34  Observer (Chrono Boost)  
  85  7:36  High Templar x2  
  90  7:39  Probe  
  91  8:00  Assimilator  
  91  8:02  Probe  
  91  8:05  Assimilator, Immortal  
  96  8:07  Photon Cannon  
  96  8:12  Photon Cannon  
  96  8:14  Assimilator  
  96  8:16  Assimilator, Probe x3  
  96  8:19  Pylon  
  99  8:23  Zealot x5  
  99  8:26  Archon  
  109  8:32  Pylon  
  109  8:37  Probe x2  
  109  8:39  Robotics Bay  
  109  8:40  Nexus  
  109  8:41  Probe  
  112  8:52  Immortal (Chrono Boost)  
  116  8:56  Probe x3  
  119  9:06  Pylon  
  119  9:11  Robotics Facility  
  119  9:13  Pylon  
  119  9:16  Pylon  
  119  9:20  Warp Prism (Chrono Boost)  
  119  9:26  Pylon  
  119  9:31  Zealot x5  
  131  9:58  Disruptor x2 (Chrono Boost)  
  131  10:06  Probe x2  
  139  10:07  Robotics Facility  
  139  10:13  Assimilator, Zealot x3  
  145  10:15  Zealot  
  145  10:17  Assimilator  
  147  10:26  Protoss Ground Weapons Level 2 (Chrono Boost)  
  147  10:32  Stargate  
  147  10:40  Disruptor x2  
  145  11:09  High Templar  
  146  11:15  Zealot x4  
  154  11:19  Disruptor  
  157  11:35  Disruptor  
  154  11:48  Gateway  
  154  11:50  Gateway  
  154  11:52  Gateway, Photon Cannon  
  154  11:53  Void Ray  
  158  11:55  Disruptor  
  158  11:56  Pylon, Gateway  
  159  12:02  Immortal  
  161  12:10  High Templar  
  161  12:11  Observer  
  162  12:18  Gateway  
  162  12:21  Gateway  
  162  12:31  Immortal  
  162  12:36  Oracle  
  169  12:41  High Templar x2  
  173  12:47  Probe  
  174  12:57  Archon  
  174  12:58  Archon  
  174  13:05  Zealot x3  
  144  13:36  Zealot x3  
  144  13:37  Zealot x2  
  152  13:51  Protoss Ground Weapons Level 3  
  152  13:53  Void Ray  
  154  14:01  Warp Prism  
  148  14:11  Observer  
  146  14:27  Pylon  
  146  14:40  Disruptor x2  
  152  14:49  Adept x6  
  162  15:36  Pylon  
  162  15:37  Gateway, Zealot  
  162  15:38  Gateway  
  162  15:42  Pylon  
  162  15:43  Gateway  
  162  15:46  Gateway  
  162  15:49  Void Ray  
  151  16:07  Zealot x4  
  151  16:08  Pylon, Zealot x4  
  167  16:11  Pylon  
  167  16:23  Resonating Glaives, Psionic Storm  
  167  16:32  Void Ray (Chrono Boost)  
  167  16:38  Nexus  
  159  16:43  Zealot x6  
  159  16:44  Zealot x3  
  157  16:50  Disruptor x3  
  157  16:54  Adept x3  
  170  16:59  Pylon  
  172  17:12  Void Ray (Chrono Boost)  
  170  17:23  Protoss Shields Level 1  
  170  17:25  Gravitic Drive  
  170  17:32  Assimilator  
  170  17:37  Assimilator, High Templar x4  
  170  17:38  High Templar x7  
  170  17:40  Gateway  
  170  17:42  Archon x4, Gateway  
  170  17:43  Void Ray, Archon  
  196  17:49  Disruptor  
  193  18:36  Pylon  
  193  18:38  Nexus  
  191  18:50  Pylon  
  161  18:56  Disruptor x2  
  161  19:01  Pylon  
  164  19:05  Adept x2  
  164  19:06  Pylon, Adept x4  
  164  19:08  Gravitic Boosters  
  176  19:15  Assimilator  
  176  19:20  Assimilator  
  176  19:22  Warp Prism  
  176  19:23  Void Ray  
  174  19:32  Observer x2  
  172  19:54  Observer  
Tags
 
Add a new tag
Caveats
  • Supply blocks, unpowered buildings, or Contaminate may cause inaccurate times.
  • Supply counts are checked every 10 seconds.